AoeStats
← ckflawless

Arena

508635784Analyzed
3v3 RM · 8d ago on Sep 23, 2026· 37m 3s· 6 players
Game mode
Random Map
Map size
Normal (6 player)
Population
200
Speed
Normal
Resources
Standard
Victory
Conquest
Starting age
Dark Age
Ending age
Imperial Age
RankedLock teamsTeams togetherTeam positionsShared explorationLock speedFull tech treeHidden civsTurbo modeCheats
Victory
Defeat
🇭🇰 Danes · Hong Kong SAR China
990
+12
🇨🇳 Britons · China
957
+14
🇹🇼 Saracens · Taiwan
926
+15
🇧🇪 Chinese · Belgium
918
-14
🇦🇷 Persians · Argentina
909
-14
🇺🇸 Goths · United States
895
-13
隆隆
11:29 Feudal Age
12:54 Double-Bit Axe
16:06 Castle Age
17:49 Bow Saw
17:48 Loom
18:34 Horse Collar
23:53 Wheelbarrow
24:15 Gold Mining
25:21 Heavy Plow
25:54 Scale Barding Armor
26:30 Gold Shaft Mining
27:21 Chain Barding Armor
27:42 Hand Cart
28:16 Caravan
31:46 Imperial Age
31:55 Ballistics
31:51 Elite Mameluke
32:38 Husbandry
32:48 Bloodlines
32:57 Forging
33:22 Plate Barding Armor
33:39 Stone Mining
34:43 Counterweights
34:53 Conscription
34:11 Light Cavalry
36:08 Two-Man Saw
36:40 Iron Casting
35:26 Hussar
37:17 Chemistry
36:29 Masonry
36:24 Siege Engineers
36:50 Fletching
37:00 Padded Archer Armor
Journey
10:58 Feudal Age
12:01 Double-Bit Axe
15:09 Castle Age
13:40 Horse Collar
14:04 Stone Mining
14:17 Loom
16:02 Bow Saw
19:13 Squires
21:08 Gambesons
25:08 Scale Mail Armor
27:33 Forging
32:47 Arson
33:20 Chain Mail Armor
35:59 Iron Casting
岡門偏佐
2:21 Loom
10:22 Feudal Age
15:45 Castle Age
14:20 Double-Bit Axe
14:58 Stone Mining
15:25 Horse Collar
15:50 Loom
16:27 Fletching
18:21 Gold Mining
19:27 Wheelbarrow
20:17 Crossbowman
22:06 Padded Archer Armor
25:43 Leather Archer Armor
28:11 Bow Saw
33:02 Imperial Age
31:29 Hand Cart
32:26 Bodkin Arrow
32:37 Heavy Plow
34:03 Arbalester
36:17 Two-Man Saw
36:39 Chemistry
35:51 Elite Skirmisher
36:42 Bracer
ckflawless
0:26 Loom
10:17 Feudal Age
16:31 Castle Age
14:21 Double-Bit Axe
15:22 Town Watch
15:32 Stone Mining
16:00 Horse Collar
17:34 Bow Saw
17:31 Gold Mining
22:06 Anarchy
23:26 Squires
23:30 Scale Mail Armor
25:57 Heavy Plow
28:05 Forging
28:11 Chain Mail Armor
28:49 Wheelbarrow
29:31 Iron Casting
30:46 Hand Cart
32:11 Stone Shaft Mining
37:02 Imperial Age
34:49 Town Patrol
35:19 Treadmill Crane
georgke.be
0:27 Loom
12:21 Feudal Age
14:21 Double-Bit Axe
14:18 Horse Collar
18:14 Castle Age
16:33 Stone Mining
16:53 Gold Mining
18:07 Fletching
18:18 Padded Archer Armor
19:32 Stone Shaft Mining
22:10 Bodkin Arrow
21:49 Elite Skirmisher
26:58 Gold Shaft Mining
29:38 Wheelbarrow
28:50 Town Watch
29:45 Leather Archer Armor
31:43 Heavy Plow
31:49 Murder Holes
32:23 Ballistics
32:45 Town Patrol
36:44 Imperial Age
35:00 Hand Cart
35:16 Masonry
37:09 Bow Saw
juanppalacio
10:26 Feudal Age
10:56 Double-Bit Axe
18:38 Castle Age
17:27 Stone Mining
28:32 Elite Skirmisher
Connection lost

Rejoining the realm…

Still unreachable

The connection could not be restored.

Session expired

The server has moved on; the page needs a fresh start.